 Dungeon Crawl Stone Soup version 0.30-a0-170-g85af917532 (webtiles) character file.

Game seed: 15301545005572440521

58 RepoMan the Poker (level 3, -10/29 HPs)
             Began as a Mummy Fighter on Oct 1, 2022.
             Killed by divine providence
             ... invoked by an orc priest
              (14 damage)
             ... on level 3 of the Dungeon.
             The game lasted 00:05:43 (1862 turns).

RepoMan the Poker (Mummy Fighter)                   Turns: 1862, Time: 00:05:43

Health: -10/29     AC:  6    Str: 21    XL:     3   Next: 76%
Magic:  0/3        EV:  9    Int:  7    God:
Gold:   84         SH:  4    Dex: 11    Spells: 2/2 levels left

rFire   . . .      SeeInvis .    a - +0 trident
rCold   . . .      Faith    +    c - +0 buckler
rNeg    + + +      Spirit   +    b - +0 scale mail
rPois   ∞          Reflect  .    (no helmet)
rElec   .          Harm     .    (no cloak)
rCorr   .          Rampage  .    (no gloves)
Will    .....                    (no boots)
Stlth   ..........               j - amulet of guardian spirit
HPRegen 0.09/turn                l - ring of fire
MPRegen 0.08/turn                (no ring)

@: no status effects
A: cold resistance 1, negative energy resistance 3, torment resistance 2, heat
vulnerability 1, in touch with death 1, no potions, faith
a: no special abilities


You were on level 3 of the Dungeon.
You visited 1 branch of the dungeon, and saw 3 of its levels.

You collected 84 gold pieces.

Inventory:

Hand Weapons
 a - a +0 trident (weapon)
Missiles
 g - 10 poisoned darts (quivered)
 i - 20 stones
Armour
 b - a +0 scale mail (worn)
 c - a +0 buckler (worn)
Jewellery
 j - an amulet of guardian spirit (around neck)
 l - a ring of fire (left hand)
Scrolls
 d - 2 scrolls of enchant weapon
 e - a scroll of identify
 f - a scroll of teleportation
 h - 3 scrolls of amnesia
 k - 2 scrolls of fear {unknown}


   Skills:
 - Level 3.0 Fighting
 + Level 3.4 Polearms
 - Level 2.4 Armour
 - Level 2.4 Shields


You had 2 spell levels left.
You didn't know any spells.
Your spell library contained the following spells:

 Spells                   Type           Power      Damage    Failure   Level
 Magic Dart               Conj           0%         1d3       86%         1
 Call Imp                 Summ           0%         N/A       95%         2
 Call Canine Familiar     Summ           0%         N/A       99%         3
 Kindle Blastsparks       Fire/Tloc/Air  0%         2d10      99%         3
 Mephitic Cloud           Conj/Pois/Air  0%         N/A       99%         3
 Portal Projectile        Hex/Tloc       0%         N/A       99%         3
 Leda's Liquefaction      Hex/Erth       0%         N/A       100%        4
 Sticky Flame             Conj/Fire      0%         2d3       100%        4
 Eringya's Noxious Bog    Tmut/Pois      0%         N/A       100%        6


Dungeon Overview and Level Annotations

Branches:
Dungeon (3/15)

Altars:


Innate Abilities, Weirdness & Mutations

You are immune to poison.
Your flesh is cold resistant. (rC+)
You are immune to negative energy. (rN+++)
You are immune to unholy pain and torment.
You are vulnerable to heat. (rF-)
You are in touch with the powers of death.
You do not drink.
You have a special connection with the divine. (Faith)


Message History

You see here a +0 mace.
An orc comes into view. It is wielding a +0 whip.
The orc shouts!
An orc comes into view. It is wielding a +0 flail.
An orc comes into view. It is wielding a +0 club.
You reach to attack!
You puncture the orc!
You kill the orc!
No target in view!
No target in view!
An orc priest comes into view. It is wielding a +0 club.
The orc shouts!
The orc priest shouts!
The orc shouts!
Things that are here:
a +0 whip; an orc corpse
There are no items here.
You reach to attack!
You hit the orc priest but do no damage.
The orc priest calls down the wrath of Beogh upon you.
Beogh smites you!
You closely miss the orc priest. You block the orc priest's attack.
You puncture the orc priest!
The orc priest is severely wounded.
The orc priest calls down the wrath of Beogh upon you.
Beogh smites you!
* * * LOW HITPOINT WARNING * * *
Okay, then.
Unknown command.
Unknown command.
Press: ? - help, v - describe, . - travel, g - get item
Here: an orc priest, wielding a +0 club (severely wounded)
Items here: a +0 whip; an orc corpse.
The floor, spattered with blood.
Press: ? - help, v - describe, . - travel, g - get item
Here: an orc priest, wielding a +0 club (severely wounded)
Items here: a +0 whip; an orc corpse.
The floor, spattered with blood.
You hit the orc priest.
The orc priest is almost dead.
The orc priest invokes the aid of Beogh against you.
Beogh smites you!
You die...

#.#.# #.. ....# #.#.# #..
....#.#.#.# #.# ...o#.#.#.#
#.# oo..#.....# #.#
...>......# #.#
.##..<....###.#
#############.##.#[#.#..##.#
#..........@oo##.#.#.#..##.#
###.############.# ..##.....
#.# #...######..#.# #.#
#####...†.........# #.#
........#######..## #)#
####....##### ##.## #.#
#..[.....# #..# #.#
#.#.####.# ##.. #.# #......#
##.


You could see an orc priest and an orc.

Vanquished Creatures
  An adder (D:3)
  A worm (D:2)
  An orc (D:3)
  8 endoplasms
  A giant cockroach (D:3)
  6 hobgoblins
  A quokka (D:1)
  7 ball pythons
  4 bats
  A frilled lizard (D:1)
  3 goblins
  5 kobolds
  5 rats
44 creatures vanquished.

Vanquished Creatures (others)
  2 plants (D:2)
2 creatures vanquished.

Grand Total: 46 creatures vanquished

Notes
Turn   | Place    | Note
-------+----------+-------------------------------------------
     0 | D:1      | RepoMan the Mummy Fighter began the quest for the Orb.
     0 | D:1      | Reached XP level 1. HP: 18/18 MP: 1/1
   108 | D:1      | Found a faded altar of an unknown god.
   201 | D:1      | Reached XP level 2. HP: 21/24 MP: 2/2
   421 | D:1      | Got Enlyeh's Spellbook of the Transformed Arsonist
   707 | D:2      | Gained mutation: You are in touch with the powers of death.
                  | [Mummy growth]
   707 | D:2      | Reached XP level 3. HP: 29/29 MP: 3/3
  1862 | D:3      | Killed from afar by an orc priest

Illustrated notes

Levels and vault maps discovered:
D:1:      minmay_arrival_semitransparent, layout_rooms,
          ebering_ecumenical_altar_mist
D:2:      layout_basic, serial_bayou_pond_a
D:3:      layout_basic

Skill      XL: |  1  2  3 |
---------------+----------+-----
Polearms       | 2 3 |  3.4
Fighting       | |  3.0
Armour         | |  2.4
Shields        | |  2.4

Action                   || total
-------------------------++-------
Melee: Trident           ||   149
Throw: Stone             ||     2
  Use: Scroll            ||     3
Armor: Scale mail        ||    36
Dodge: Dodged            ||    48
Block: Buckler           ||    18

Table legend: (Time is in decaauts)
 A = Elapsed time spent in this place.
 B = Non-inter-level travel time spent in this place.
 C = Inter-level travel time spent in this place.
 D = Time resting spent in this place.
 E = Time spent auto-exploring this place.
 F = Levels seen in this place.
 G = Mean time per level.
                   A        B        C        D        E       F      G
               +--------+--------+--------+--------+--------+-----+--------+
         Total |   1893 |   1864 |     29 |    118 |   1254 |   3 |  631.0 |
       Dungeon |   1893 |   1864 |     29 |    118 |   1254 |   3 |  631.0 |
               +--------+--------+--------+--------+--------+-----+--------+

Top non-repeatable levels by time:
     D:2: 902 daAuts
     D:1: 601 daAuts
     D:3: 388 daAuts
